 Dungeon Crawl Stone Soup version 0.29.0-4-gdea44cf6ec (webtiles) character file.

Game seed: 15356082678959783753

49 qw the Chopper (level 3, -1/21 HPs)
             Began as a Tengu Warper on Aug 28, 2022.
             Slain by a worm (3 damage)
             ... on level 2 of the Dungeon.
             The game lasted 00:00:08 (1486 turns).

qw the Chopper (Tengu Warper)                       Turns: 1486, Time: 00:00:08

Health: -1/21      AC:  5    Str: 13    XL:     3   Next: 77%
Magic:  7/7        EV: 11    Int: 13    God:
Gold:   19         SH:  0    Dex: 13    Spells: 6/6 levels left

rFire   . . .      SeeInvis .   Y - +0 hand axe
rCold   . . .      Faith    .   (no shield)
rNeg    . . .      Spirit   .   e - +0 ring mail
rPois   .          Reflect  .   (helmet restricted)
rElec   .          Harm     .   (no cloak)
rCorr   .          Rampage  .   (no gloves)
Will    .....                   (boots unavailable)
Stlth   +.........              (no amulet)
HPRegen 0.07/turn               (no ring)
MPRegen 0.10/turn               (no ring)

@: about to teleport
A: beak, talons 3
a: no special abilities


You were on level 2 of the Dungeon.
You visited 1 branch of the dungeon, and saw 2 of its levels.

You collected 19 gold pieces.


Innate Abilities, Weirdness & Mutations

You have a beak for a mouth.
You have claws for feet.


   Skills:
 - Level 2.0 Fighting
 + Level 4.4 Axes
 - Level 1.0 Throwing
 - Level 1.1 Armour
 - Level 2.1 Dodging
 - Level 2.0 Spellcasting
 - Level 2.4 Translocations


You had 6 spell levels left.
You didn't know any spells.
Your spell library contained the following spells:

 Spells                   Type           Power      Damage    Failure   Level
 Blink                    Tloc           14%        N/A       30%         2
 Gell's Gravitas          Tloc           7%         N/A       52%         3
 Lesser Beckoning         Tloc           7%         N/A       52%         3
 Teleport Other           Tloc           7%         N/A       52%         3
 Manifold Assault         Tloc           7%         N/A       99%         5

Inventory:

Hand Weapons
 Y - a +0 hand axe (weapon)
Armour
 e - a +0 ring mail (worn)
Scrolls
 f - a scroll of teleportation

Dungeon Overview and Level Annotations

Branches:
Dungeon (2/15)

Altars:


Message History

The giant cockroach misses you.
A dart slug comes into view.
You barely miss the giant cockroach. Your peck misses the giant cockroach.
The giant cockroach barely misses you. x2
You hit the giant cockroach.
The giant cockroach is moderately wounded.
The giant cockroach bites you.
You slash the giant cockroach!
You kill the giant cockroach!
The bat hits you but does no damage. The bat barely misses you.
You slash the bat!
You kill the bat!
A bat comes into view.
Found 8 gold pieces.
The worm bites you.
There is an open door here.
You see here a giant cockroach corpse.
You hit the worm but do no damage. Your kick misses the worm.
Your peck misses the worm. The dart slug launches a dart at you.
The slug dart misses you.
You hit the worm.
The worm is lightly wounded.
The worm bites you.
You barely miss the worm. The dart slug launches a dart at you.
The slug dart hits you but does no damage.
The worm barely misses you.
You hit the worm. You claw the worm. You peck the worm, but do no damage.
The worm is heavily wounded.
You hit the worm. You peck the worm.
The worm is almost dead.
The worm bites you! The dart slug launches a dart at you.
The slug dart hits you but does no damage.
1486 ||| READING 2 scrolls of teleportation.
As you read the scroll of teleportation, it crumbles to dust.
You feel strangely unstable. The worm bites you.
You die...

########
#......#
#......#
#......#
#<.....#
#......#
+......#
#..w...#
#@####....
......w...#
..b
..........#
..
........$.#
.
.....##+###
.$... ....
####


You could see a worm and a dart slug.

Vanquished Creatures
  A worm (D:2)
  A dart slug (D:1)
  4 ball pythons (D:1)
  4 bats
  3 endoplasms (D:1)
  2 giant cockroaches
  A goblin (D:1)
  2 hobgoblins (D:1)
  6 jackals (D:1)
  4 kobolds (D:1)
  4 quokkas (D:1)
  4 frilled lizards (D:1)
  2 rats (D:1)
38 creatures vanquished.

Notes
Turn   | Place    | Note
-------+----------+-------------------------------------------
     0 | D:1      | qw the Tengu Warper began the quest for the Orb.
     0 | D:1      | Reached XP level 1. HP: 12/12 MP: 4/4
     0 | D:1      | 0 ||| qw: Version: 0.1-a-89-g26bdef1
     0 | D:1      | 0 ||| qw: Game counter: 1783
     0 | D:1      | 0 ||| qw: Always use a shield: true
     0 | D:1      | 0 ||| qw: God list: Okawaru
     0 | D:1      | 0 ||| qw: Allow faded altars: false
     0 | D:1      | 0 ||| qw: Do Orc after D:15 true
     0 | D:1      | 0 ||| qw: Do second Lair branch before Depths: true
     0 | D:1      | 0 ||| qw: Lair rune preference: random
     0 | D:1      | 0 ||| qw: Plans: Normal
     0 | D:1      | 0 ||| PLANNING D:1-11
   165 | D:1      | Reached XP level 2. HP: 17/17 MP: 6/6
   191 | D:1      | Reached skill level 3 in Axes
   700 | D:1      | 700 ||| Stepping ~*~*~tactically~*~*~ (hiding).
   802 | D:1      | 802 ||| Stepping ~*~*~tactically~*~*~ (hiding).
   870 | D:1      | Reached XP level 3. HP: 17/21 MP: 7/7
   930 | D:1      | 930 ||| Stepping ~*~*~tactically~*~*~ (stealth).
  1008 | D:1      | 1008 ||| Stepping ~*~*~tactically~*~*~ (stealth).
  1018 | D:1      | Reached skill level 4 in Axes
  1117 | D:1      | 1117 ||| Stepping ~*~*~tactically~*~*~ (stealth).
  1414 | D:1      | 1414 ||| UPGRADING to +0 ring mail.
  1424 | D:1      | 1424 ||| DROPPING +0 leather armour.
  1425 | D:1      | 1425 ||| DROPPING amulet of faith.
  1426 | D:1      | 1426 ||| READING scroll labelled MUSCHU JACRIBBA.
  1427 | D:1      | 1427 ||| READING 2 scrolls labelled OKOUFUI ADGHANT.
  1430 | D:1      | 1430 ||| READING scroll labelled HAUHOF RECUNWO.
  1431 | D:1      | 1431 ||| READING scroll labelled ZICAINAORPH.
  1432 | D:1      | 1432 ||| DROPPING scroll of blinking.
  1485 | D:2      | HP: 2/21 [worm (8)]
  1486 | D:2      | 1486 ||| READING 2 scrolls of teleportation.
  1486 | D:2      | Slain by a worm

Levels and vault maps discovered:
D:1:      scummos_arrival_simple_fountains, layout_loops_ring, nrook_campfire,
          minivault_27
D:2:      layout_basic, basic_altar

Skill      XL: |  1  2  3 |
---------------+----------+-----
Axes           | 3 4 |  4.4
Fighting       | |  2.0
Throwing       | |  1.0
Armour         | |  1.1
Dodging        | |  2.1
Spellcasting   | |  2.0
Translocations | |  2.4

Action                   || total
-------------------------++-------
Melee: Hand axe          ||    86
       Kick              ||    18
       Peck              ||    11
Throw: Boomerang         ||     7
  Use: Scroll            ||     5
Armor: Leather armour    ||    19
       Ring mail         ||     7
Dodge: Dodged            ||    39

Table legend:
 A = Non-vault XP
 B = Vault XP
 C = Vault XP percentage of total XP
 D = Non-vault monster count
 E = Vault monster count
 F = Vault count percentage of total count
                 A         B        C        D         E       F
            +---------+---------+-------+---------+---------+-------
      Total |      71 |       0 |   0.0 |      38 |       0 |   0.0
            +---------+---------+-------+---------+---------+-------
        D:1 |      63 |       0 |   0.0 |      35 |       0 |   0.0
        D:2 |       8 |       0 |   0.0 |       3 |       0 |   0.0
            +---------+---------+-------+---------+---------+-------
